 Dungeon Crawl Stone Soup version 0.31-a0-187-gba352fbbf7 (webtiles) character file.

Game seed: 10555440010163053741

26 qw the Shooter (level 2, -1/16 HPs)
             Began as a Deep Elf Hunter on June 22, 2023.
             Slain by Ijyb
             ... wielding a +0 club
              (3 damage)
             ... on level 3 of the Dungeon.
             The game lasted 00:00:26 (1904 turns).

qw the Shooter (Deep Elf Hunter)                    Turns: 1904, Time: 00:00:26

Health: -1/16      AC:  6    Str:  8    XL:     2   Next: 89%
Magic:  0/4        EV: 10    Int: 13    God:
Gold:   120        SH:  0    Dex: 18    Spells: 1/1 levels left

rFire   . . .        Y - +0 shortbow
rCold   . . .        (shield currently unavailable)
rNeg    . . .        e - +0 ring mail
rPois   .            (no helmet)
rElec   .            (no cloak)
rCorr   .            f - +0 pair of gloves
SInv    .            (no boots)
Will    .....        c - amulet of guardian spirit
Stlth   +            (no ring)
HPRegen 0.22/turn    (no ring)
MPRegen 0.09/turn

%: guardian spirit
@: no status effects
A: no striking features
a: no special abilities


You were on level 3 of the Dungeon.
You visited 1 branch of the dungeon, and saw 3 of its levels.

You collected 120 gold pieces.


   Skills:
 - Level 1.5 Fighting
 + Level 6.6 Ranged Weapons
 - Level 2.4 Dodging
 - Level 1.2 Stealth


You had one spell level left.
You didn't know any spells.
Your spell library was empty.

Inventory:

Hand Weapons
 Y - a +0 shortbow (weapon)
Armour
 e - a +0 ring mail (worn)
 f - a +0 pair of gloves (worn)
Jewellery
 c - an amulet of guardian spirit (around neck)
Potions
 a - a potion of lignification {unknown}
 b - a potion of brilliance {unknown}
 d - a potion of degeneration {unknown}
 g - a potion of ambrosia {unknown}
 h - a potion of heal wounds {unknown}
 i - a potion of curing {unknown}
 j - a potion of mutation {unknown}

Dungeon Overview and Level Annotations

Branches:
Dungeon (3/15)

Altars:

Annotations:
D:3 Ijyb


Message History

Enter note:
Enter note:
Enter note: You shoot an arrow.
The arrow hits the goblin but does no damage.
You shoot an arrow. The arrow hits the goblin!
You kill the goblin!
Ijyb the Twisted Goblin comes into view.
She is wielding a +0 club and carrying a wand of mindburst (5).
You see here the +5 robe "Fosemnyu" {rElec rN+ Dex-3}.
Enter note:
Enter note:
Enter note: You shoot an arrow.
The arrow hits Ijyb.
Ijyb shouts!
Ijyb is lightly wounded.
You shoot an arrow. The arrow closely misses Ijyb.
You shoot an arrow. The arrow completely misses Ijyb.
You shoot an arrow. The arrow barely misses Ijyb.
You shoot an arrow. The arrow closely misses Ijyb.
Ijyb screams, "Level is mine!
All mine!"
Ijyb zaps a wand.
Your mind is blasted!
You shoot an arrow. The arrow hits Ijyb but does no damage.
Ijyb is lightly wounded.
You shoot an arrow. The arrow completely misses Ijyb.
Ijyb hits you but does no damage.
You shoot an arrow. The arrow closely misses Ijyb.
Ijyb zaps a wand.
Your mind is blasted!
Ouch! That really hurt!
Ijyb hits you but does no damage.
You shoot an arrow. The arrow closely misses Ijyb.
Ijyb screams, "Get away!"
Ijyb hits you but does no damage.
You shoot an arrow. The arrow hits Ijyb but does no damage.
Ijyb is lightly wounded.
Ijyb barely misses you.
You shoot an arrow. The arrow barely misses Ijyb.
Ijyb hits you but does no damage.
You shoot an arrow. The arrow closely misses Ijyb.
Ijyb hits you with a +0 club.
You die...

#.# #.<# # #.#.#.#.##
#.###...#.##.##.#.....#
#.##....>.....>.....###
#......)# .##......#
####.##.# ######.#
#.### #.# #...#
######.# ###.##
#......# #..@# #.######
#...g..# #.# #......(#
#.# #......## #.####
#.#..$## #....# #.#...#
####.### ....... #.#<##
.#.#.... #....##
#####.....#


You could see Ijyb.

Vanquished Creatures
  A ball python (D:2)
  3 endoplasms
  2 giant cockroaches
  5 goblins
  A hobgoblin (D:1)
  A kobold (D:2)
  3 bats
  A frilled lizard (D:2)
  8 rats
25 creatures vanquished.

Notes
Turn   | Place    | Note
-------+----------+-------------------------------------------
     0 | D:1      | qw the Deep Elf Hunter began the quest for the Orb.
     0 | D:1      | Reached XP level 1. HP: 12/12 MP: 3/3
     0 | D:1      | 0 ||| qw: Version: 0.3-a-9-g12657ce
     0 | D:1      | 0 ||| qw: Game counter: 2176
     0 | D:1      | 0 ||| qw: Always use a shield: true
     0 | D:1      | 0 ||| qw: God list: Okawaru
     0 | D:1      | 0 ||| qw: Allow faded altars: false
     0 | D:1      | 0 ||| qw: Do Orc after D:15 true
     0 | D:1      | 0 ||| qw: Do second Lair branch before Depths: true
     0 | D:1      | 0 ||| qw: Lair rune preference: random
     0 | D:1      | 0 ||| qw: Plans: Normal
     0 | D:1      | 0 ||| PLANNING D:1-11
   736 | D:1      | Reached XP level 2. HP: 16/16 MP: 4/4
   746 | D:1      | Reached skill level 6 in Ranged Weapons
  1055 | D:1      | 1055 ||| UPGRADING to +0 ring mail.
  1065 | D:1      | 1065 ||| DROPPING +0 leather armour.
  1066 | D:1      | 1066 ||| READING scroll labelled WUYNGISAUN.
  1067 | D:1      | 1067 ||| READING scroll labelled LARALU NELOUN.
  1068 | D:1      | 1068 ||| DROPPING scroll of butterflies.
  1412 | D:2      | Found a faded altar of an unknown god.
  1730 | D:2      | 1730 ||| UPGRADING to +0 pair of gloves.
  1735 | D:2      | 1735 ||| UPGRADING to amulet of guardian spirit.
  1740 | D:2      | 1740 ||| READING scroll labelled IMOUCZ WUL BIH.
  1741 | D:2      | 1741 ||| DRINKING 2 fuming black potions.
  1742 | D:2      | 1742 ||| DROPPING potion of attraction.
  1892 | D:3      | Identified the +5 robe "Fosemnyu" {rElec rN+ Dex-3}
  1892 | D:3      | Noticed Ijyb
  1900 | D:3      | HP: 1/16 [disintegration (10)]
  1904 | D:3      | Slain by Ijyb

Levels and vault maps discovered:
D:1:      minmay_arrival_shattered_statue, layout_basic, serial_forest,
          infiniplex_forest_clump_C, infiniplex_forest_end_3,
          infiniplex_forest_zigzag_1, infiniplex_forest_lined_3,
          infiniplex_forest_lined_2, infiniplex_forest_lined_room_2,
          infiniplex_forest_lined_3, dreamdust_wishing_well
D:2:      layout_basic, chequers_ecumenical_altar_twisty, hex_tiny,
          serial_bayou_pond_a
D:3:      layout_loops_ring, nemelex_diamond_rough_becter, uniq_terence,
          uniq_ijyb, uniq_crazy_yiuf_cottage

Skill      XL: |  1  2 |
---------------+-------+-----
Ranged Weapons | 6 |  6.6
Fighting       | |  1.5
Dodging        | |  2.4
Stealth        | |  1.2

Action                     || total
---------------------------++-------
   Fire: Shortbow          ||    66
    Use: Scroll            ||     3
         Potion            ||     1
 Armour: Leather armour    ||     2
         Ring mail         ||     8
  Dodge: Dodged            ||     6

Table legend:
 A = Non-vault XP
 B = Vault XP
 C = Vault XP percentage of total XP
 D = Non-vault monster count
 E = Vault monster count
 F = Vault count percentage of total count
                 A         B        C        D         E       F
            +---------+---------+-------+---------+---------+-------
      Total |      38 |       0 |   0.0 |      25 |       0 |   0.0
            +---------+---------+-------+---------+---------+-------
        D:1 |      17 |       0 |   0.0 |      12 |       0 |   0.0
        D:2 |      15 |       0 |   0.0 |      10 |       0 |   0.0
        D:3 |       6 |       0 |   0.0 |       3 |       0 |   0.0
            +---------+---------+-------+---------+---------+-------
